 Dungeon Crawl Stone Soup version bcrawl-1.18.1 (webtiles) character file.

Game seed: 5250057260823696340

197 Revguard the Sneak (level 5, 0/38 HPs)
             Began as a Demonspawn Archaeologist on Nov 8, 2019.
             Slain by a sky beast (6 damage)
             ... on level 4 of the Dungeon.
             The game lasted 00:08:40 (2248 turns).

Revguard the Sneak (Demonspawn Archaeologist)       Turns: 2248, Time: 00:08:40

Health: 0/38       AC: 10    Str: 12    XL:     5   Next: 46%
Magic:  5/5        EV: 13    Int: 15    God:
Gold:   205        SH:  0    Dex: 19    Spells: 4/4 levels left

rFire    . . .     SeeInvis .   a - +2 short sword (elec)
rCold    + . .     Gourm    .   (no shield)
rNeg     . . .     Faith    .   k - +3 leather armour {rC+}
rPois    .         Spirit   .   c - +1 hat
rElec    .         Reflect  .   r - +0 cloak
rCorr    .         Harm     .   (no gloves)
MR       .....                  d - +1 pair of boots
Stlth    ++++......             (no amulet)
HPRegen  0.12/turn              p - +3 ring of dexterity
MPRegen  0.09/turn              (no ring)

@: studying Axes
A: talons 1, thin skeletal structure 2
a: no special abilities


You were on level 4 of the Dungeon.
You were not hungry.

You visited 1 branch of the dungeon, and saw 4 of its levels.

You collected 205 gold pieces.

Inventory:

Hand Weapons
 a - a +2 short sword of electrocution (weapon)
 j - a +0 whip
 s - a +0 hunting sling of velocity
Missiles
 o - 153 sling bullets
 q - 47 tomahawks (quivered)
Armour
 b - a +1 robe
 c - a +1 hat (worn)
 d - a +1 pair of boots (worn)
 k - a +3 leather armour of cold resistance (worn)
 r - a +0 cloak (worn)
Jewellery
 p - a +3 ring of dexterity (left hand)
 u - an uncursed amulet of faith
Wands
 m - a wand of polymorph (11)
Scrolls
 i - 2 scrolls of remove curse
 n - a scroll of magic mapping {unknown}
Potions
 h - 3 potions of curing
Books
 e - a manual of Axes
Miscellaneous
 f - an ancient crate
Comestibles
 g - 7 rations {!d}
 l - 4 chunks of flesh


   Skills:
 - Level 2.1 Fighting
 - Level 1.6 Short Blades
 - Level 0.9 Maces & Flails
 * Level 0.8 Slings
 - Level 2.1 Armour
 - Level 3.3 Dodging
 - Level 4.0 Stealth


You had 4 spell levels left.
You didn't know any spells.
Your spell library was empty.

Dungeon Overview and Level Annotations

Branches:
Dungeon (4/12)
 Temple: D:4-7

Altars:
Gozag
Lugonu
Nemelex Xobeh
Xom


Innate Abilities, Weirdness & Mutations

You have sharp toenails.
You have a moderately thin skeletal structure. (Dex +4, Stealth+)


Message History

You hear the crackle of electricity.
a - a +2 short sword of electrocution (weapon)
You closely miss the sky beast.
The sky beast is severely wounded.
The sky beast flickers out of sight!
Deactivating autopickup; reactivate with Ctrl-A.
Something hits you but does no damage.
Some of the chunks of flesh in your inventory have rotted away.
You hit something. Something hits you but does no damage.
You miss something. Something hits you but does no damage.
You miss something. Something hits you. Something shocks you.
The crimson imp sputters.
You closely miss something. Something hits you. Something shocks you.
The crimson imp shouts, "Get thee hence, thou mammering spleeny bladder!"
You hit something. Something hits you. Something shocks you.
* * * LOW HITPOINT WARNING * * *
You miss something. Something hits you.
* * * LOW HITPOINT WARNING * * *
Something shocks you.
You die...

#######.#......### ##.#
#....<...........###..#
####...............#..#
#..................#
##.................#
#.................##
....................#
..#........<........#
...#........@........#
.........{........#
#.......5........#
.#................#
..................#
..................#
..#...............#
..................#
..................#


You could see a crimson imp.

Vanquished Creatures
  An orc wizard (D:2)
  Ijyb (D:3)
  An iguana (D:3)
  A worker ant (D:4)
  5 adders
  An adder skeleton (D:3)
  A worm (D:3)
  A dart slug (D:2)
  3 leopard geckos
  5 orcs
  6 hobgoblins
  A ball python (D:3)
  3 bats
  2 goblins (D:1)
  4 kobolds
  6 rats
42 creatures vanquished.

Notes
Turn   | Place    | Note
-------+----------+-------------------------------------------
     0 | D:1      | Revguard the Demonspawn Archaeologist began the quest for
                  | the Orb.
     0 | D:1      | Reached XP level 1. HP: 15/15 MP: 1/1
    84 | D:1      | Found a shimmering altar of Xom.
   361 | D:1      | Gained mutation: You have a somewhat thin skeletal
                  | structure. (Dex +2, Stealth) [demonic ancestry]
   361 | D:1      | Reached XP level 2. HP: 21/21 MP: 2/2
   723 | D:2      | Reached skill level 1 in Armour
   723 | D:2      | Gained mutation: You have a moderately thin skeletal
                  | structure. (Dex +4, Stealth+) [demonic ancestry]
   723 | D:2      | Reached XP level 3. HP: 22/26 MP: 3/3
   961 | D:2      | Found a sparkling altar of Nemelex Xobeh.
  1422 | D:3      | Reached XP level 4. HP: 33/33 MP: 4/4
  1447 | D:3      | Noticed Ijyb
  1455 | D:3      | Killed Ijyb
  1455 | D:3      | Reached skill level 1 in Short Blades
  1518 | D:3      | Found a corrupted altar of Lugonu.
  1631 | D:3      | Found an opulent altar of Gozag.
  1770 | D:3      | Gained mutation: You have sharp toenails. [demonic
                  | ancestry]
  1770 | D:3      | Reached XP level 5. HP: 35/38 MP: 5/5
  2196 | D:4      | Reached skill level 4 in Stealth
  2227 | D:4      | Noticed a sky beast
  2248 | D:4      | Slain by a sky beast

Skill      XL: |  1  2  3  4  5 |
---------------+----------------+-----
Armour         | 1 2 |  2.1
Dodging        | 3 |  3.3
Short Blades   | 1 |  1.6
Fighting       | 2 |  2.1
Stealth        | 4 |  4.0
Maces & Flails | |  0.9
Slings         | |  0.8

Action                   |  1- 3 |  4- 6 || total
-------------------------+-------+-------++-------
Melee: Whip              |    27 |       ||    27
       Short sword       |    54 |    59 ||   113
 Fire: Hunting sling     |       |    25 ||    25
  Use: Potion            |     4 |     2 ||     6
       Scroll            |     2 |     2 ||     4
 Stab: Sleeping          |     6 |     4 ||    10
  Eat: Chunk             |     2 |     2 ||     4
Armor: Robe              |     7 |       ||     7
       Leather armour    |    26 |    22 ||    48
Dodge: Dodged            |    61 |    34 ||    95
